 Dungeon Crawl Stone Soup version 0.30-a0-920-g7493c07aab (webtiles) character file.

Game seed: 8611094667635817897

6100 DeathPants the Trooper (level 10, -1/56 HPs)
             Began as a Vine Stalker Gladiator on Mar 20, 2023.
             Was an Initiate of Gozag.
             Slain by a hornet (4 damage)
             ... on level 10 of the Dungeon on Mar 21, 2023.
             The game lasted 00:29:50 (9152 turns).

DeathPants the Trooper (Vine Stalker Gladiator)     Turns: 9152, Time: 00:29:51

Health: -1/56      AC: 12    Str: 19    XL:     10   Next: 88%
Magic:  0/20       EV: 12    Int: 12    God:    Gozag
Gold:   1511       SH:  0    Dex: 17    Spells: 11/21 levels left

rFire   . . .      SeeInvis .    a - +5 scimitar (freeze)
rCold   . . .      Faith    .    (no shield)
rNeg    . . .      Spirit   +    h - +0 scale mail
rPois   .          Reflect  .    c - +1 helmet
rElec   .          Rampage  .    I - +1 cloak
rCorr   .                        H - +1 pair of gloves {Str+3}
Will    +....                    (no boots) Stlth
                                 (no amulet)
HPRegen 1.09/turn                q - ring of wizardry
MPRegen 0.17/turn                (no ring)

@: lethally poisoned (-1 -> -3), slowed, studying 2 skills, very slow
A: fangs 3, regeneration 1, magic shield, antimagic bite, no potion heal 2
a: Renounce Religion, Potion Petition, Call Merchant, Bribe Branch


You were on level 10 of the Dungeon.
You worshipped Gozag.
Gozag was most pleased with you.
You visited 2 branches of the dungeon, and saw 12 of its levels.
You also visited: Sewer.

You collected 1614 gold pieces.
You paid 103 gold pieces to Gozag.

Inventory:

Hand Weapons
 a - a +5 scimitar of freezing (weapon)
 b - a +2 dagger of venom
 r - a +3 dagger of electrocution
 v - a +3 dagger
 z - a +0 rapier
 L - a +3 scimitar
Missiles
 d - a throwing net
 e - a javelin
 j - 44 poisoned darts (quivered)
 x - 12 boomerangs
 N - a curare-tipped dart
Armour
 c - a +1 helmet (worn)
 h - a +0 scale mail (worn)
 y - a scarf of shadows
 H - a +1 pair of gloves of strength (worn)
 I - a +1 cloak (worn)
Jewellery
 q - a ring of wizardry (left hand)
 w - a ring of fire
 D - a ring of ice
Wands
 f - a wand of roots (7)
 E - a wand of paralysis (6)
 G - a wand of light (10)
Scrolls
 k - 2 scrolls of immolation
 n - 5 scrolls of amnesia
 p - 4 scrolls of silence
 s - 4 scrolls of fog
 t - 3 scrolls of magic mapping
 A - a scroll of fear
 C - 6 scrolls of teleportation
 J - a scroll of vulnerability
 M - a scroll of brand weapon {unknown}
Potions
 g - a potion of mutation
 i - 3 potions of lignification
 l - 3 potions of might
 m - 5 potions of cancellation
 o - 4 potions of curing
 u - a potion of flight
 B - a potion of attraction
 F - 2 potions of haste
 K - a potion of invisibility {unknown}


   Skills:
 + Level 7.8 Fighting
 - Level 6.1(7.8) Short Blades
 + Level 7.4(8.4) Long Blades
 - Level 5.5 Throwing
 - Level 5.3 Dodging
 - Level 6.1 Spellcasting
 + Level 3.9 Necromancy
 + Level 3.9 Earth Magic


You had 11 spell levels left.
You knew the following spells:

 Your Spells              Type           Power      Damage    Failure   Level
a - Borgnjor's Vile Clut  Necr/Erth      6%         N/A       75%         5
b - Agony                 Necr           13%        N/A       75%         5

Your spell library contained the following spells:

 Spells                   Type           Power      Damage    Failure   Level
 Necrotise                Necr           52%        1d6       4%          1
 Vampiric Draining        Necr           13%        2d6       14%         3
 Apportation              Tloc           6%         N/A       22%         1
 Summon Small Mammal      Summ           12%        N/A       22%         1
 Frozen Ramparts          Ice            6%         1d1       52%         3
 Ignite Poison            Fire/Tmut/Pois 3%         N/A       52%         3
 Inner Flame              Hex/Fire       3%         N/A       52%         3
 Kindle Blastsparks       Fire/Tloc/Air  6%         2d10      52%         3
 Airstrike                Air            1%         2d(1-17)  89%         4
 Flame Wave               Conj/Fire      3%         2d5       89%         4
 Ice Form                 Ice/Tmut       3%         N/A       89%         4
 Sticky Flame             Conj/Fire      3%         2d3       89%         4
 Summon Ice Beast         Ice/Summ       3%         N/A       89%         4
 Summon Lightning Spire   Summ/Air       3%         N/A       89%         4
 Freezing Cloud           Conj/Ice/Air   1%         6-21      99%         5
 Plasma Beam              Fire/Air       1%         2x1d12    99%         5
 Death Channel            Necr           6%         N/A       99%         6
 Animate Dead             Necr           Unusable   N/A       N/A         4

Dungeon Overview and Level Annotations

Branches:
Dungeon (11/15)            Temple (1/1) D:4           Sewer (visited)
   Lair: D:8-11         Orc: D:9-12

Altars:
Ashenzari
Cheibriados
Dithmenos
Elyvilon
Gozag
Kikubaaqudgha
Makhleb
Nemelex Xobeh
Okawaru
Qazlal
Ru
Sif Muna
Trog
Uskayaw
Vehumet
Wu Jian
Yredelemnul
Zin
The Shining One


Innate Abilities, Weirdness & Mutations

You have razor-sharp teeth.
Your natural rate of healing is unusually fast.
When hurt, damage is shared between your health and your magic reserves.
Your bite disrupts and absorbs the magic of your enemies.
Potions cannot restore your health.


Message History

The black bear claws you but does no damage.
The hornet barely misses you. The black bear bites you.
The black bear claws you but does no damage.
The black bear closely misses you. x2
The black bear claws you but does no damage. x2
You closely miss the hornet. Your bite misses the hornet.
The hornet is almost dead.
The hornet stings you!
You suddenly lose the ability to move!
The black bear bites you but does no damage.
The black bear claws you but does no damage. x2
The black bear bites you but does no damage.
The black bear claws you.
The black bear claws you but does no damage.
The hornet stings you.
* * * LOW HITPOINT WARNING * * *
You feel as though you will be slow longer.
You can move again.
You closely miss the hornet.
The hornet is almost dead.
The hornet stings you!
* * * LOW HITPOINT WARNING * * *
You are poisoned.
You feel as though you will be slow longer.
The black bear bites you but does no damage.
The black bear claws you but does no damage.
The black bear misses you. The black bear completely misses you.
The black bear claws you but does no damage.
The black bear barely misses you. The hornet stings you.
* * * LOW HITPOINT WARNING * * *
You feel as though you will be slow longer.
The black bear bites you but does no damage.
The black bear misses you.
The black bear claws you but does no damage.
The black bear completely misses you. The black bear barely misses you.
The black bear claws you but does no damage.
* * * LOW HITPOINT WARNING * * *
You feel very sick. The hornet barely misses you. The hornet stings you.
You die...
Your body crumbles into a pile of gold.

..).##....#.......#
#....
.......######'#####
##.#. ..<.####
#.### #.... #.###
#...## ##.#. ..
###>.# ######....
.# ##.# #......###
# #.# ###......###
######.##
........##.
##..$..@.#
##.........
......y..#
#......###
.#...hhh.# #......#
#......... #......#
#.......###
#......# #.......#
#......# #.......#
###.#### ......####
#.## ...... #..#


You could see a hornet and 3 black bears.

Vanquished Creatures
  Fannar (D:10)
  A kobold demonologist (D:10)
  A troll (D:9)
  2 wraiths
  4 yaks
  An acid dragon (D:8)
  A water moccasin (D:5)
  An ice beast (D:5)
  Pargi (Sewer)
  2 black bears
  A sky beast (D:7)
  An orc warrior (D:9)
  2 ogres
  3 centaurs
  2 phantoms
  7 kobold brigands
  2 bullfrogs
  2 scorpions
  11 wights
  10 killer bees
  3 howler monkeys
  5 hounds
  2 orc priests
  3 jellies
  An iron imp (D:8)
  A sleepcap (D:4)
  5 iguanas
  Terence (D:3)
  3 orc wizards
  7 gnolls
  14 adders
  2 shadow imps
  2 white imps
  2 ufetubi
  2 worms
  3 dart slugs
  21 orcs
  6 endoplasms
  4 giant cockroaches
  6 goblins
  4 hobgoblins
  7 jackals
  A quokka (D:5)
  7 ball pythons
  7 bats
  7 frilled lizards
  20 kobolds
  4 rats
206 creatures vanquished.

Vanquished Creatures (others)
  10 fungi (D:10)
  16 plants (D:10)
26 creatures vanquished.

Grand Total: 232 creatures vanquished

Notes
Turn   | Place    | Note
-------+----------+-------------------------------------------
     0 | D:1      | DeathPants the Vine Stalker Gladiator began the quest for
                  | the Orb.
     0 | D:1      | Reached XP level 1. HP: 11/11 MP: 2/2
   285 | D:1      | Reached XP level 2. HP: 15/15 MP: 3/3
   423 | D:1      | Reached XP level 3. HP: 14/18 MP: 1/4
   458 | D:1      | Found a faded altar of an unknown god.
  1099 | D:2      | Gained mutation: Your natural rate of healing is unusually
                  | fast. [Vine Stalker growth]
  1099 | D:2      | Reached XP level 4. HP: 23/23 MP: 5/5
  1459 | D:2      | Identified 2 scrolls of acquirement
  1459 | D:2      | Acquired a manual of Long Blades
  1461 | D:2      | Acquired a manual of Spellcasting
  1513 | D:3      | Found a glowing silver altar of Zin.
  1524 | D:3      | Noticed Terence
  1534 | D:3      | Killed Terence
  1561 | D:3      | Upgraded the game from 0.30-a0-918-g0ff054e9dc to
                  | 0.30-a0-920-g7493c07aab
  1760 | D:4      | Noticed a centaur
  1784 | D:3      | Reached XP level 5. HP: 10/27 MP: 6/6
  2249 | D:4      | Reached XP level 6. HP: 32/32 MP: 7/7
  2270 | D:4      | Identified the +7 hand axe "Newtbane" {antimagic, Int+3}
  2352 | D:4      | Found a staircase to the Ecumenical Temple.
  2390 | Temple   | Entered the Ecumenical Temple
  2561 | D:5      | Entered Level 5 of the Dungeon
  2666 | D:4      | Found a stormy altar of Qazlal.
  2685 | D:4      | Reached XP level 7. HP: 25/37 MP: 8/8
  2928 | D:4      | Found a basalt altar of Yredelemnul.
  2939 | D:4      | Found an iron altar of Okawaru.
  2989 | D:4      | Found an opulent altar of Gozag.
  2993 | D:4      | Became a worshipper of Gozag Ym Sagoz the Greedy
  3348 | D:6      | Found a glowing drain.
  3388 | Sewer    | Entered a sewer
  3505 | Sewer    | Noticed Pargi
  3515 | Sewer    | Killed Pargi
  3516 | Sewer    | Gained mutation: You have razor-sharp teeth. [Vine Stalker
                  | growth]
  3516 | Sewer    | Reached XP level 8. HP: 42/42 MP: 9/9
  3776 | D:5      | Found a broken altar of Ashenzari.
  3887 | D:5      | Reached skill level 5 in Short Blades
  4535 | D:5      | Reached skill level 5 in Throwing
  4860 | D:6      | Reached skill level 5 in Fighting
  4860 | D:6      | Reached skill level 5 in Dodging
  5082 | D:7      | Reached XP level 9. HP: 47/47 MP: 10/10
  5132 | D:6      | Learned a level 5 spell: Borgnjor's Vile Clutch
  5245 | D:6      | Reached skill level 1 in Spellcasting
  5558 | D:7      | Reached skill level 1 in Long Blades
  5777 | D:7      | Found a sparkling altar of Nemelex Xobeh.
  5972 | D:7      | Identified the +7 quarterstaff of Wrath {elec, *Slow rPois
                  | SInv}
  6652 | D:8      | Found a white marble altar of Elyvilon.
  6894 | D:8      | Reached skill level 5 in Spellcasting
  6992 | D:8      | Reached skill level 5 in Long Blades
  6992 | D:8      | Reached XP level 10. HP: 48/53 MP: 18/20
  7272 | D:9      | Reached skill level 1 in Necromancy
  7272 | D:9      | Reached skill level 1 in Earth Magic
  7477 | D:8      | Found a burning altar of Makhleb.
  7773 | D:9      | Found an ornate altar of the Wu Jian Council.
  8205 | D:10     | Entered Level 10 of the Dungeon
  8205 | D:10     | Noticed Fannar
  8216 | D:10     | Killed Fannar
  8641 | D:9      | Learned a level 5 spell: Agony
  8924 | D:10     | Noticed a kobold demonologist
  8930 | D:10     | Killed a kobold demonologist
  9146 | D:10     | Paralysed by a hornet for 1 turns
  9150 | D:10     | Paralysed by a hornet for 1 turns
  9152 | D:10     | Slain by a hornet

Illustrated notes

Levels and vault maps discovered:
D:1:      onia_arrival_pentagram, layout_rooms,
          hellmonk_ecumenical_altar_pennies_from_heaven, chequers_jeans
D:2:      layout_loops_cross
D:3:      layout_loops_ring, lemuel_round_altar, minmay_misc_feat_hallway,
          uniq_terence
D:4:      layout_basic, marbit_many_paths, amethyst_overflow_temple_binary,
          nicolae_qazlal_scattered_showers, minmay_temple_entry_mini_moons,
          chequers_serial_rivers_micro_b, chequers_serial_rivers_micro_c,
          chequers_serial_rivers_micro_c
D:5:      minmay_spotlight, layout_layer_cave, mainiacjoe_overflow_brackets,
          minmay_quadrilaterals
D:6:      layout_loops_ring, cheibrodos_sewer_entry_sluice
D:7:      layout_basic, nemelex_diamond_rough_becter, serial_curves,
          eino_curves_02, eino_curves_03, eino_curves_01
D:8:      layout_basic, mainiacjoe_overflow_catwalk, makhleb_grotto_becter
D:9:      layout_basic, amcnicky_altar_gilded, enter_bailey_5,
          grunt_ministairs_9
D:10:     layout_roguey [special_room_orc], fedhas_altar_4,
          regret_index_temple_of_mockery, grunt_lair_entry_orc_guard_hut,
          biasface_ghost_orc_armoury, st_stairs_11, kennysheep_donut,
          uniq_fannar, uniq_erolcha
D:11:     layout_loops_cross, enter_trove_5, minivault_4
Temple:   nicolae_temple_bog_church

Skill      XL: |  1  2  3  4  5  6  7  8  9 10 |
---------------+-------------------------------+-----
Fighting       | 2 3 4 5 6 7 |  7.8
Throwing       | 2 3 4 5 |  5.5
Short Blades   | 3 4 5 6 |  6.1
Dodging        | 3 4 5 |  5.3
Spellcasting   | 6 |  6.1
Long Blades    | 5 7 |  7.4
Necromancy     | 3 |  3.9
Earth Magic    | 3 |  3.9

Action                     |  1- 3 |  4- 6 |  7- 9 | 10-12 || total
---------------------------+-------+-------+-------+-------++-------
  Melee: Dagger            |    90 |   135 |   308 |    19 ||   552
         Bite              |    19 |    41 |   105 |    47 ||   212
         Punch             |       |     2 |     5 |     1 ||     8
         Scimitar          |       |       |    53 |   110 ||   163
  Throw: Dart              |       |    20 |    15 |       ||    35
         Throwing net      |       |       |     2 |       ||     2
  Evoke: Wand              |       |       |       |     4 ||     4
    Use: Scroll            |       |    10 |    14 |     1 ||    25
         Potion            |       |       |       |     1 ||     1
   Stab: Held in net/web   |       |       |     1 |       ||     1
         Distracted        |       |       |     1 |       ||     1
         Invisible         |       |       |       |     1 ||     1
 Armour: Ring mail         |    29 |     3 |       |       ||    32
         Leather armour    |     2 |       |       |       ||     2
         Scale mail        |       |    30 |   123 |    93 ||   246
  Dodge: Dodged            |    40 |    55 |   185 |   120 ||   400

Table legend: (Time is in decaauts)
 A = Elapsed time spent in this place.
 B = Non-inter-level travel time spent in this place.
 C = Inter-level travel time spent in this place.
 D = Time resting spent in this place.
 E = Time spent auto-exploring this place.
 F = Levels seen in this place.
 G = Mean time per level.
                   A        B        C        D        E       F      G
               +--------+--------+--------+--------+--------+-----+--------+
         Total |   9111 |   8924 |    187 |    299 |   6236 |  13 |  700.8 |
       Dungeon |   8733 |   8565 |    168 |    299 |   6013 |  11 |  793.9 |
        Temple |    157 |    139 |     18 |      0 |    130 |   1 |  157.0 |
         Sewer |    220 |    220 |      0 |      0 |     93 |   1 |  220.0 |
               +--------+--------+--------+--------+--------+-----+--------+

Top non-repeatable levels by time:
     D:5: 1388 daAuts
     D:9: 1155 daAuts
     D:8: 1098 daAuts
     D:7: 1068 daAuts
     D:6: 756 daAuts
     D:1: 750 daAuts
     D:3: 750 daAuts
     D:4: 729 daAuts
     D:2: 712 daAuts
    D:10: 309 daAuts
   Sewer: 220 daAuts
  Temple: 157 daAuts
    D:11: 13 daAuts
